 Dungeon Crawl Stone Soup version 0.13-a0-2001-g039544c (webtiles) character file.

2874 M4edhros the Spear-Bearer (level 9, -1/63 HPs)
             Began as a Mummy Gladiator on June 25, 2013.
             Was a Believer of Makhleb.
             Slain by an orc wizard
             ... wielding a +0,+0 orcish morningstar
              (4 damage)
             ... on Level 7 of the Dungeon.
             The game lasted 00:22:47 (27015 turns).

M4edhros the Spear-Bearer (Mummy Gladiator)        Turns: 27015, Time: 00:22:47

HP  -1/63        AC  9     Str 18      XL: 9   Next: 33%
MP  15/15        EV 10     Int 10      God: Makhleb [**....]
Gold 270         SH  0     Dex 15      Spells:  1 memorised, 12 levels left

Res.Fire  : x . .   See Invis. : .   o - +1,+2 orc trident
Res.Cold  : + . .   Warding    : .   m - +2 ring mail
Life Prot.: + + +   Conserve   : .   (no shield)
Res.Poison: +       Res.Corr.  : .   v - +0 helmet (curse)
Res.Elec. : .       Clarity    : .   i - +0 cloak
Sust.Abil.: . .     Spirit.Shd : .   (no gloves)
Res.Mut.  : .       Stasis     : .   (no boots)
Res.Rott. : +       Flight     : .   (no amulet)
Saprovore : . . .                    p - cursed ring of flight
                                     a - +3 ring of dexterity

@: somewhat resistant to hostile enchantments, very unstealthy
A: no food or potions, fire vulnerability, restore body, cold resistance 1, life
protection 3, poison resistance, torment resistance, unbreathing
a: Minor Destruction, Renounce Religion, Evoke Flight


You were on level 7 of the Dungeon.
You worshipped Makhleb.
Makhleb was most pleased with you.
You were not hungry.

You visited 2 branches of the dungeon, and saw 8 of its levels.

You collected 250 gold pieces.

Inventory:

Hand weapons
 e - a +5,+1 elven whip
 o - a +1,+2 orcish trident (weapon)
 t - a +1 orcish blowgun
Missiles
 d - 3 throwing nets (quivered)
 u - 27 poisoned needles
Armour
 i - a +0 cloak (worn)
 m - a +2 ring mail (worn)
 v - a cursed +0 helmet (worn)
Magical devices
 f - a wand of cold (0)
 h - a wand of paralysis (10)
 l - a wand of frost (0)
Scrolls
 c - a scroll of silence {unknown}
 g - 7 scrolls of identify
 j - 2 scrolls of noise
 k - 4 scrolls of remove curse
Jewellery
 a - a +3 ring of dexterity (left hand)
 p - a cursed ring of flight (right hand)
 s - an uncursed ring of protection from cold {unknown}
Books
 b - a book of Necromancy

   Spells                             Type                      Level
   Pain                               Necromancy                   1
   Animate Skeleton                   Necromancy                   1
   *Lethal Infusion                   Charms/Necromancy            2
   Vampiric Draining                  Necromancy                   3
   Regeneration                       Charms/Necromancy            3
   Animate Dead                       Necromancy                   4
   Control Undead                     Necromancy                   4


   Skills:
 - Level 2.0 Fighting
 + Level 9.2 Polearms
 - Level 1.5 Throwing
 - Level 2.4 Dodging
 + Level 3.3 Spellcasting
 + Level 3.7 Necromancy


You had 12 spell levels left.
You knew the following spells:

 Your Spells              Type           Power        Failure   Level  Hunger
a - Lethal Infusion       Chrm/Necr      #.........   24%         2    N/A

Dungeon Overview and Level Annotations

Branches:
Dungeon (7/27)             Temple (1/1) D:6
    Orc: D:6-11

Altars:
Ashenzari
Cheibriados
Elyvilon
Fedhas
Kikubaaqudgha
Makhleb
Nemelex Xobeh
Okawaru
Sif Muna
Trog
Vehumet
Xom
Yredelemnul
Zin
the Shining One

Annotations
D:7 simpaon's ghost, experienced DjFi


Innate Abilities, Weirdness & Mutations

You do not eat or drink.
Your flesh is vulnerable to fire.
Your flesh is cold resistant.
You are immune to negative energy.
Your system is resistant to poisons.
You are immune to unholy pain and torment.
You can survive without breathing.


Message History

The orc wizard points at you and mumbles some strange words.
The magic dart hits you!
* * * LOW HITPOINT WARNING * * *
The orc wizard drinks a potion.
The orc wizard flickers and vanishes!
Deactivating autopickup; reactivate with Ctrl-A.
It hits you but does no damage. It hits you but does no damage. It hits you.
* * * LOW HITPOINT WARNING * * *
It hits you but does no damage. It hits you!
* * * LOW HITPOINT WARNING * * *
Evoke which item? (* to show all) (? for menu, Esc to quit)
Okay, then.
Evoke which item? (* to show all) (? for menu, Esc to quit)
Zapping:
l - a wand of frost {zapped: 9}
Press: ? - help, Shift-Dir - straight line, f/p - simpaon's ghost
Aim: simpaon's ghost Nothing appears to happen.
It hits you.
You die...

######## ....p..#
#.####(###########
#.....))...)p..(.#
#..###.#########.#
#..# #.# #@#
#..###.# ###{#
.......# #..p#
#..##### #...#
...# #...# ....
##.## #.##.# #.#
#.##.# #.# #.##.#
#.#


You could see simpaon's ghost.

Vanquished Creatures
  The ghost of Kae the Chiller, an experienced MfIE (D:5)
  The ghost of TwistedSage the Shield-Bearer, an experienced NaFi of Cheibriados (D:6)
  2 ice beasts
  A sky beast (D:7)
  3 ogres
  A yak skeleton (D:7)
  5 centaurs
  Sigmund (D:3)
  A giant frog (D:6)
  A giant frog skeleton (D:4)
  A crimson imp (D:5)
  3 hounds
  2 orc wizards (D:7)
  A hound skeleton (D:7)
  3 scorpions
  3 worker ants (D:4)
  An iguana (D:5)
  2 orc priests (D:6)
  5 killer bees (D:7)
  13 adders
  An adder skeleton (D:4)
  A giant mite (D:3)
  7 worms
  2 bat skeletons
  A giant eyeball (D:7)
  9 giant geckos
  20 orcs
  4 ball pythons
  11 hobgoblins
  7 jackals
  5 oozes
  8 quokkas
  18 bats
  2 giant cockroaches
  A giant gecko skeleton (D:4)
  5 giant newts
  A giant spore (D:7)
  16 goblins
  A goblin skeleton (D:4)
  10 kobolds
  3 kobold skeletons
  An orc skeleton (D:4)
  22 rats
  A rat skeleton (D:6)
  5 ballistomycetes (D:7)
  A butterfly (D:6)
214 creatures vanquished.

Vanquished Creatures (others)
  A worker ant (D:4)
  2 kobolds
  A giant newt (D:1)
  A giant spore (D:7)
  5 rats
10 creatures vanquished.

Grand Total: 224 creatures vanquished

Notes
Turn   | Place    | Note
--------------------------------------------------------------
     0 | D:1      | M4edhros, the Mummy Gladiator, began the quest for the Orb.
     0 | D:1      | Reached XP level 1. HP: 17/17 MP: 0/0
   119 | D:1      | Reached XP level 2. HP: 18/23 MP: 1/1
   184 | D:1      | Reached skill level 3 in Polearms
  2543 | D:1      | Reached XP level 3. HP: 18/28 MP: 2/2
  4208 | D:1      | Noticed a hill giant
  5058 | D:2      | Reached skill level 4 in Polearms
  5058 | D:2      | Reached XP level 4. HP: 25/35 MP: 3/3
 11089 | D:2      | Noticed a cyclops
 11122 | D:3      | Reached XP level 5. HP: 40/40 MP: 4/4
 11446 | D:3      | Noticed Sigmund
 11467 | D:3      | Killed Sigmund
 11467 | D:3      | Reached skill level 5 in Polearms
 12482 | D:3      | Reached XP level 6. HP: 46/46 MP: 5/5
 18853 | D:3      | Noticed a cyclops
 19108 | D:4      | Reached skill level 6 in Polearms
 22618 | D:4      | Reached XP level 7. HP: 46/51 MP: 6/6
 22774 | D:5      | Entered Level 5 of the Dungeon
 22774 | D:5      | Noticed Kae's ghost (experienced MfIE)
 24010 | D:6      | Found a staircase to the Ecumenical Temple.
 24029 | Temple   | Entered the Ecumenical Temple
 24252 | Temple   | Became a worshipper of Makhleb the Destroyer
 24322 | D:6      | Reached skill level 7 in Polearms
 24325 | D:6      | Noticed TwistedSage's ghost (experienced NaFi)
 24362 | D:6      | Killed TwistedSage's ghost
 24539 | D:6      | Reached skill level 8 in Polearms
 24539 | D:6      | Reached XP level 8. HP: 26/58 MP: 7/7
 24629 | D:5      | HP: 2/58 [Kae's ghost (3)]
 24633 | D:5      | Killed Kae's ghost
 25149 | D:6      | Learned a level 2 spell: Lethal Infusion
 25285 | D:6      | Reached skill level 1 in Necromancy
 25323 | D:6      | Reached skill level 1 in Spellcasting
 25931 | D:7      | Acquired Makhleb's first power
 26034 | D:7      | Reached XP level 9. HP: 8/63 MP: 11/13
 26325 | D:7      | Reached skill level 9 in Polearms
 26695 | D:7      | Noticed simpaon's ghost (experienced DjFi)
 26866 | D:7      | Acquired Makhleb's second power
 27014 | D:7      | HP: 3/63 [something (9)]
 27015 | D:7      | Slain by an orc wizard

Action                   |  1- 3 |  4- 6 |  7- 9 || total
-------------------------+-------+-------+-------++-------
Melee: Trident           |   161 |   411 |   384 ||   956
 Cast: Lethal Infusion   |       |       |     1 ||     1
Invok: Minor Destruction |       |       |     1 ||     1
Evoke: Wand              |       |       |    21 ||    21
  Use: Scroll            |     2 |       |     8 ||    10
 Stab: Paralysed         |       |       |     5 ||     5
